AoeStats
← O grande

Arabian Desert

509966773Analyzed
1v1 RM · 3d ago on Sep 28, 2026· 38m 8s· 2 players
Game mode
Random Map
Map size
Tiny (2 player)
Population
200
Speed
Normal
Resources
Standard
Victory
Conquest
Starting age
Dark Age
Ending age
Imperial Age
RankedLock teamsTeams togetherTeam positionsShared explorationLock speedFull tech treeHidden civsTurbo modeCheats
Victory
Defeat
🇧🇷 Tatars · Brazil
2085
+9
🇧🇷 Tatars · Brazil
1934
-9
GAX | Subzeroaoe
6:28 Loom
8:35 Feudal Age
9:23 Double-Bit Axe
10:09 Horse Collar
20:04 Castle Age
19:55 Scale Barding Armor
19:46 Gold Mining
27:45 Town Watch
28:42 Wheelbarrow
30:52 Chain Barding Armor
34:12 Forging
37:56 Bloodlines
37:47 Husbandry
O grande
6:21 Loom
8:37 Feudal Age
10:34 Double-Bit Axe
11:53 Horse Collar
20:03 Castle Age
18:29 Fletching
19:40 Padded Archer Armor
19:30 Gold Mining
20:40 Bodkin Arrow
20:44 Crossbowman
23:05 Bow Saw
25:19 Wheelbarrow
25:44 Heavy Plow
25:31 Town Watch
29:41 Scale Barding Armor
30:05 Hand Cart
34:16 Ballistics
34:32 Chain Barding Armor
38:10 Imperial Age
36:34 Leather Archer Armor
36:29 Forging
37:39 Bloodlines
37:29 Husbandry
37:15 Treadmill Crane
37:35 Stone Mining
38:22 Gold Shaft Mining
Connection lost

Rejoining the realm…

Still unreachable

The connection could not be restored.

Session expired

The server has moved on; the page needs a fresh start.